 Dungeon Crawl Stone Soup version 0.26.0-15-gc6cd9f7 (webtiles) character file.

Game seed: 6829498115286428085

658 MercyWheel the Sneak (level 7, -3/48 HPs)
             Began as an Octopode Wanderer on Jan 24, 2021.
             Slain by an ogre
             ... wielding a +0 giant club
              (22 damage)
             ... on level 4 of the Dungeon.
             The game lasted 00:10:32 (2944 turns).

MercyWheel the Sneak (Octopode Wanderer)            Turns: 2944, Time: 00:10:32

Health: -3/48      AC:  1    Str: 11    XL:     7   Next: 55%
Magic:  7/7        EV: 20    Int: 14    God:
Gold:   126        SH:  0    Dex: 14    Spells: 6/6 levels left

rFire    . . .     SeeInvis .   a - +2 dagger
rCold    . . .     Faith    .   (no shield)
rNeg     . . .     Spirit   .   (helmet restricted)
rPois    .         Reflect  .   (no amulet)
rElec    .         Harm     .   p - +4 ring of evasion (curse)
rCorr    .         Rampage  .   (no ring)
Will     .....                  (no ring)
Stlth    ++++......             (no ring)
HPRegen  0.16/turn              (no ring)
MPRegen  0.10/turn              (no ring)
                                (no ring)
                                (no ring)

@: no status effects
A: almost no armour, stealthy swim, amphibious, 8 rings, constrict 8, camouflage
1, gelatinous body 1
a: no special abilities


You were on level 4 of the Dungeon.
You visited 1 branch of the dungeon, and saw 4 of its levels.

You collected 126 gold pieces.

Inventory:

Hand Weapons
 a - a +2 dagger (weapon)
 b - a +0 shortbow
 e - a +1 dagger of venom
 o - a +0 dagger of pain
Missiles
 d - 105 arrows
Jewellery
 p - a cursed +4 ring of evasion (left tentacle)
Scrolls
 g - 3 scrolls of identify {unknown}
 i - 2 scrolls of noise {unknown}
 j - a scroll of teleportation {unknown}
 k - a scroll of random uselessness {unknown}
 m - 2 scrolls of remove curse {unknown}
 n - a scroll of immolation {unknown}
Potions
 c - 2 potions of haste
 f - 2 potions of heal wounds
 h - a potion of might
 l - a potion of brilliance {unknown}


   Skills:
 + Level 4.0 Fighting
 - Level 3.5 Short Blades
 - Level 1.0 Polearms
 - Level 2.0 Bows
 - Level 1.0 Throwing
 - Level 5.1 Dodging
 - Level 5.4 Stealth
 - Level 1.1 Evocations


You had 6 spell levels left.
You didn't know any spells.
Your spell library was empty.

Dungeon Overview and Level Annotations

Branches:
Dungeon (4/15)
 Temple: D:4-7

Altars:
Ashenzari
Elyvilon
Hepliaklqana
Makhleb
Okawaru
Ru
Vehumet
Wu Jian
Xom

Annotations:
D:3 exclusion: 2 downstairs
D:4 Menkaure


Innate Abilities, Weirdness & Mutations

You cannot wear most types of armour.
You are very stealthy in the water. (Stealth+)
You are amphibious.
You can wear up to eight rings at the same time.
You can use your tentacles to constrict eight enemies at once.
Your skin changes colour to match your surroundings (Stealth+).
Your rubbery body absorbs attacks. (AC +1, EV +1)


Message History

Unknown command.
a - a +2 dagger (weapon)
You see here an orc corpse.
You hit the ogre. You squeeze the ogre.
The ogre is moderately wounded.
The ogre hits you with a +0 giant club!!
You closely miss the ogre. Your squeeze misses the ogre.
The ogre is moderately wounded.
You hit the ogre. You squeeze the ogre.
The ogre is heavily wounded.
The ogre hits you with a +0 giant club!
You hit the ogre. Your squeeze misses the ogre.
The ogre is severely wounded.
The ogre closely misses you.
You hit the ogre.
The ogre is severely wounded.
You barely miss the ogre.
The ogre is severely wounded.
The ogre hits you with a +0 giant club!!
You die...

#.# #.#....# #.......... #.#
#.#..<.# #...†...... #.#
#......##### #+# #.# #......#...#
#.# #.# #......#...# #.#
#####.#######......#...# #.#
#.....#.......#.#+##...# #.#
#.##..#.#####.#...##...# #.#
#.##........###O@.##...###.#####
#.##.............>##...#......^##
..##........###.#................
..##..#.#.### #.########.......#.
..#...#..... ..# #....#####
#...#####.####### #..###≈##.
##........# #.##⌠_.'.. #...######
#.##⌠_.'.. ###..# ##########


You could see an ogre.

Vanquished Creatures
  Sigmund (D:2)
  A phantom (D:3)
  A hound (D:4)
  An orc priest (D:4)
  4 orc wizards
  2 iguanas
  Natasha (D:2)
  A worker ant (D:4)
  4 adders (D:3)
  An ooze (D:3)
  2 worms (D:4)
  A dart slug (D:4)
  15 orcs
  9 bats
  7 giant cockroaches
  4 goblins
  8 hobgoblins
  7 kobolds
  A quokka (D:2)
  12 frilled lizards
  5 rats
88 creatures vanquished.

Notes
Turn   | Place    | Note
-------+----------+-------------------------------------------
     0 | D:1      | MercyWheel the Octopode Wanderer began the quest for the
                  | Orb.
     0 | D:1      | MercyWheel set off with the following items: a +2 dagger, a
                  | potion of haste, a +0 shortbow, 23 arrows, a potion of
                  | lignification
     0 | D:1      | Reached XP level 1. HP: 16/16 MP: 1/1
   161 | D:1      | Reached XP level 2. HP: 18/21 MP: 2/2
   649 | D:2      | Found an ornate altar of the Wu Jian Council.
   666 | D:2      | Found a shimmering altar of Xom.
   667 | D:2      | Found a hazy altar of Hepliaklqana.
   668 | D:2      | Noticed a spectral ugly thing
   709 | D:2      | Noticed Sigmund
   736 | D:2      | Killed Sigmund
   737 | D:2      | Reached skill level 5 in Stealth
   737 | D:2      | Reached XP level 3. HP: 26/26 MP: 3/3
   737 | D:2      | Reached XP level 4. HP: 31/31 MP: 4/4
   737 | D:2      | Reached XP level 5. HP: 36/36 MP: 5/5
   829 | D:2      | Noticed Natasha
   917 | D:2      | Found a sacrificial altar of Ru.
   962 | D:2      | Killed Natasha
  1088 | D:3      | Found a burning altar of Makhleb.
  1151 | D:3      | Reached XP level 6. HP: 38/42 MP: 6/6
  1492 | D:3      | Found an iron altar of Okawaru.
  1744 | D:3      | Found a radiant altar of Vehumet.
  1836 | D:3      | Noticed a phantom
  1935 | D:3      | Killed a phantom
  1936 | D:3      | Reached XP level 7. HP: 34/46 MP: 7/7
  2165 | D:4      | Reached skill level 5 in Dodging
  2325 | D:4      | Noticed Menkaure
  2858 | D:4      | Found a broken altar of Ashenzari.
  2858 | D:4      | Found a white marble altar of Elyvilon.
  2944 | D:4      | Slain by an ogre

Illustrated notes

Levels and vault maps discovered:
D:1:      wander_arrival_desolate, layout_loops_ring, minmay_misc_feat_chi
D:2:      layout_rooms, regret_index_temple_of_mockery,
          pdpol_wu_jian_five_deadly_venoms, marbit_many_paths,
          kennysheep_generic_room_4, uniq_natasha, uniq_sigmund
D:3:      minmay_angry_zag, layout_rooms, nicolae_overflow_hidden_temple,
          old_standard_altar, lemuel_doored_altar, kennysheep_generic_room_16
D:4:      layout_basic, gammafunk_temple_overflow_wave,
          nemelex_dance_club_becter, uniq_menkaure

Skill      XL: |  1  2  3  4  5  6  7 |
---------------+----------------------+-----
Stealth        | 2 5 |  5.4
Short Blades   | 3 |  3.5
Dodging        | 2 4 5 |  5.1
Fighting       | 4 |  4.0
Polearms       | |  1.0
Bows           | |  2.0
Throwing       | |  1.0
Evocations     | |  1.1

Action                   |  1- 3 |  4- 6 |  7- 9 || total
-------------------------+-------+-------+-------++-------
Melee: Dagger            |    55 |    99 |    44 ||   198
       Constrict         |    11 |    25 |     8 ||    44
       Tentacles         |     6 |    24 |    11 ||    41
 Fire: Shortbow          |     7 |    46 |    31 ||    84
  Use: Potion            |     3 |       |     1 ||     4
 Stab: Sleeping          |     4 |    15 |     3 ||    22
Armor: Skin              |     8 |     6 |     2 ||    16
Dodge: Dodged            |    29 |    60 |    21 ||   110
